 Dungeon Crawl Stone Soup version 0.19.5 (webtiles) character file.

2573 LORDOFBUTT the Basher (level 9, -4/51 HPs)
             Began as a Gargoyle Fighter on Mar 21, 2017.
             Was an Initiate of Gozag.
             Shot with a bolt by an orc warrior (19 damage)
             ... in a bailey.
             The game lasted 00:11:06 (5800 turns).

LORDOFBUTT the Basher (Gargoyle Fighter)            Turns: 5800, Time: 00:11:06

Health: -4/51      AC: 14    Str: 20    XL:     9   Next: 57%
Magic:  9/9        EV:  8    Int: 10    God:    Gozag
Gold:   307        SH: 11    Dex: 11    Spells: 0 memorised, 8 levels left

rFire  + . .     SeeInvis .     a - +1 flail
rCold  . . .     Gourm    .     n - +2 scale mail {rF+}
rNeg   + . .     Faith    .     c - +1 shield
rPois  ∞         Spirit   .     (no helmet)
rElec  +         Reflect  .     (no cloak)
rCorr  .         Harm     .     (no gloves)
MR     .....                    (no boots)
Stlth  ..........               (no amulet)
                                (no ring)
                                (no ring)

@: no status effects
A: negative energy resistance 1, electricity resistance, unbreathing,
petrification resistance, rot immunity, AC +5
a: Potion Petition, Call Merchant, Bribe Branch, Renounce Religion


You were in a bailey.
You worshipped Gozag.
Gozag was aware of your devotion.
You were not hungry.

You visited 2 branches of the dungeon, and saw 8 of its levels.
You also visited: Bailey.

You collected 486 gold pieces.
You spent 66 gold pieces at shops.
You paid 113 gold pieces to Gozag.

Inventory:

Hand Weapons
 a - a +1 flail (weapon)
Armour
 b - a +0 scale mail
 c - a +1 shield (worn)
 n - a +2 scale mail of fire resistance (worn)
Wands
 q - a wand of enslavement (4/24)
Scrolls
 e - 3 scrolls of remove curse
 j - a scroll of magic mapping
 m - 2 scrolls of teleportation {unknown}
 p - a scroll of acquirement {unknown}
Potions
 d - a potion of heal wounds
 h - 2 potions of brilliance
 i - 3 potions of curing
 o - a potion of resistance
Books
 l - a book of Frost

   Spells                             Type                      Level
   a - Freeze                         Ice                          1
   b - Throw Frost                    Conjuration/Ice              2
   c - Ozocubu's Armour               Charms/Ice                   3
   d - Throw Icicle                   Conjuration/Ice              4
   e - Summon Ice Beast               Ice/Summoning                4
Comestibles
 f - 4 bread rations
 g - 4 meat rations


   Skills:
 - Level 3.2 Fighting
 * Level 11.4 Maces & Flails
 - Level 3.2 Armour
 + Level 6.8 Shields


You had 8 spell levels left.
You didn't know any spells.

Dungeon Overview and Level Annotations

Branches:
Dungeon (7/15)             Temple (1/1) D:6

Altars:
Ashenzari
Cheibriados
Dithmenos
Elyvilon
Fedhas
Gozag
Hepliaklqana
Kikubaaqudgha
Makhleb
Nemelex Xobeh
Okawaru
Ru
Sif Muna
Trog
Vehumet
Yredelemnul
Zin
The Shining One

Shops:
D:4 ?

Annotations:
D:7 meatyocre's ghost, novice HOMo


Innate Abilities, Weirdness & Mutations

You are resistant to torment.
Your stone body is resilient. (AC +5)
You are immune to poison.
You resist negative energy. (rN+)
You are resistant to electric shocks. (rElec)
You can survive without breathing.
You are immune to petrification.
You are immune to rotting.


Message History

You see here a bolt.
The orc warrior shoots a bolt.
You block the bolt.
The orc warrior shoots a bolt.
The bolt hits you.
* * * LOW HITPOINT WARNING * * *
You see here 2 bolts.
Evoke which item? (* to show all) (? for menu, Esc to quit)
Zapping:
q - a wand of enslavement (6/24)
Press: ? - help, Shift-Dir - straight line, f - orc
Aim: an orc, wielding a trident and wearing a ring mail (chance to defeat MR: 63%)
The orc resists with significant effort.
This wand has 5 charges left.
Evoke which item? (* to show all) (? for menu, Esc to quit)
Zapping:
q - a wand of enslavement (5/24)
Press: ? - help, Shift-Dir - straight line, f/p - orc
Aim: an orc, wielding a trident and wearing a ring mail (chance to defeat MR: 63%)
The orc resists with significant effort.
This wand has 4 charges left.
The orc warrior shoots a bolt.
The bolt hits you!!
You die...
Your body crumbles into a pile of gold.

## #########∩##
####
##....@##...##....
#..≈≈≈.(#...#..≈≈≈
#.≈≈o≈≈.......≈≈o≈
+.≈ooo≈..(....≈oo
#.≈≈o≈≈.((....≈≈o
#..≈≈≈..#(..#..≈≈
##.....##(∩.# ...
#########∩## ##
###


You could see 3 orc warriors and 2 orcs.

Vanquished Creatures
  Grinder (D:3)
  Sigmund (D:4)
  3 orc warriors
  An ice beast (D:5)
  A black bear (D:6)
  A necrophage (D:5)
  3 ogres
  2 centaurs (D:5)
  3 bullfrogs (D:7)
  Blork the orc (D:4)
  2 crimson imps (D:6)
  3 hounds
  3 orc priests
  2 bullfrog skeletons
  A jelly (D:4)
  4 orc wizards
  5 iguanas
  Natasha (thrice) (D:4)
  3 worker ants
  A killer bee zombie (D:6)
  A howler monkey skeleton (D:4)
  2 howler monkey zombies
  10 adders
  4 gnolls (D:4)
  A shadow imp (D:7)
  An ooze (D:4)
  A worm (D:2)
  A dart slug (D:2)
  4 leopard geckos
  16 orcs
  2 ball pythons
  3 giant cockroaches
  10 goblins
  9 hobgoblins
  5 jackals
  A quokka (D:4)
  6 bats
  7 frilled lizards
  10 kobolds
  4 rats (D:2)
142 creatures vanquished.

Notes
Turn   | Place    | Note
-------+----------+-------------------------------------------
     0 | D:1      | LORDOFBUTT the Gargoyle Fighter began the quest for the Orb.
     0 | D:1      | Reached XP level 1. HP: 14/14 MP: 1/1
   253 | D:1      | Reached XP level 2. HP: 19/19 MP: 2/2
   424 | D:1      | Reached skill level 3 in Maces & Flails
   736 | D:2      | Reached XP level 3. HP: 22/23 MP: 3/3
   760 | D:2      | Found a glowing golden altar of the Shining One.
   812 | D:2      | Found a shadowy altar of Dithmenos.
   975 | D:2      | Found a sacrificial altar of Ru.
   980 | D:2      | Reached skill level 4 in Maces & Flails
  1062 | D:2      | Found a snail-covered altar of Cheibriados.
  1121 | D:2      | Reached XP level 4. HP: 28/28 MP: 4/4
  1369 | D:3      | Noticed Grinder
  1393 | D:3      | HP: 1/28 [giant cockroach (1)]
  1397 | D:3      | Killed Grinder
  1397 | D:3      | Reached skill level 6 in Maces & Flails
  1397 | D:3      | Reached XP level 5. HP: 2/32 MP: 5/5
  1397 | D:3      | Reached XP level 6. HP: 2/37 MP: 6/6
  2209 | D:4      | Found a hazy altar of Hepliaklqana.
  2241 | D:4      | You fall through a shaft for 2 floors!
  2288 | D:5      | Entered Level 5 of the Dungeon
  2365 | D:5      | Found a white marble altar of Elyvilon.
  2372 | D:5      | Noticed an ice beast
  2384 | D:5      | Reached skill level 7 in Maces & Flails
  2384 | D:5      | Reached XP level 7. HP: 19/41 MP: 7/7
  2420 | D:5      | Reached skill level 8 in Maces & Flails
  2595 | D:4      | Noticed Sigmund
  2595 | D:4      | Noticed Blork the orc
  2836 | D:4      | Killed Blork the orc
  3075 | D:4      | Killed Sigmund
  3075 | D:4      | Reached skill level 9 in Maces & Flails
  3075 | D:4      | Reached XP level 8. HP: 19/46 MP: 8/8
  3105 | D:4      | Noticed Natasha
  3116 | D:4      | Killed Natasha
  3155 | D:4      | Noticed Natasha
  3166 | D:4      | Killed Natasha
  3295 | D:4      | Found an iron altar of Okawaru.
  3765 | D:4      | Noticed Natasha
  3791 | D:4      | Killed Natasha
  3886 | D:4      | Found Ytaikhloe's Magic Scroll Emporium.
  4340 | D:4      | Bought a scroll of remove curse for 33 gold pieces
  4350 | D:4      | Bought a scroll of remove curse for 33 gold pieces
  4477 | D:5      | Reached skill level 5 in Shields
  4487 | D:5      | Reached skill level 10 in Maces & Flails
  4804 | D:6      | Reached XP level 9. HP: 51/51 MP: 9/9
  5054 | D:6      | Found a staircase to the Ecumenical Temple.
  5110 | Temple   | Entered the Ecumenical Temple
  5318 | Temple   | Became a worshipper of Gozag Ym Sagoz the Greedy
  5515 | D:6      | Found a radiant altar of Vehumet.
  5523 | D:6      | Found a bloodstained altar of Trog.
  5575 | D:7      | Reached skill level 11 in Maces & Flails
  5733 | D:7      | Noticed meatyocre's ghost (novice HOMo)
  5777 | D:7      | Found a flagged portal.
  5789 | Bailey   | Entered a bailey
  5800 | Bailey   | Shot with a bolt by an orc warrior

Skill      XL: |  1  2  3  4  5  6  7  8  9 |
---------------+----------------------------+-----
Maces & Flails | 3 4 6 7 9 10 11 | 11.4
Shields        | 5 6 |  6.8
Fighting       | |  3.2
Armour         | |  3.2

Action                   |  1- 3 |  4- 6 |  7- 9 || total
-------------------------+-------+-------+-------++-------
Melee: Flail             |   126 |   125 |   412 ||   663
Invok: Potion Petition   |       |       |     1 ||     1
Evoke: Wand              |       |       |     6 ||     6
  Use: Scroll            |     3 |     4 |    12 ||    19
       Potion            |       |     2 |     1 ||     3
 Stab: Paralysed         |     1 |       |       ||     1
  Eat: Chunk             |     1 |     4 |     6 ||    11
       Bread ration      |       |       |     2 ||     2
Armor: Scale mail        |    58 |    84 |   249 ||   391
       Skin              |       |     1 |       ||     1
Dodge: Dodged            |    39 |    54 |   159 ||   252
Block: Shield            |    55 |   100 |   278 ||   433
